Map: Abyssal Reef LE

Players

iaguz

  • Race: Terran Terran
  • Spawn Location: 5:00

TooDming - Winner!

  • Race: Zerg Zerg
  • Spawn Location: 11:00

Event: WCS Austin 2017

VOD

Have the link to the VOD?

Description

Time

  • Played on: April 28, 2017, 8:16 p.m.
  • Length: 13:13

All games in this series

Show
View Real Time Build Order
Export as new Build Order

iaguz Terran 

Build Orders: Hellion Banshee 

Get SALT Encoding   

  12  0:00  SCV  
  13  0:12  SCV  
  14  0:17  Supply Depot  
  14  0:25  SCV  
  15  0:39  SCV  
  15  0:40  Barracks  
  16  0:43  Refinery  
  16  0:51  SCV  
  17  1:03  SCV  
  18  1:15  SCV  
  19  1:27  Barracks Reactor, Orbital Command  
  19  1:40  Command Center  
  19  1:48  Supply Depot  
  19  1:53  SCV  
  20  2:03  Marine x2  
  20  2:05  SCV  
  23  2:12  Factory  
  23  2:15  Refinery  
  23  2:18  SCV  
  23  2:21  Marine x2  
  26  2:30  SCV  
  27  2:44  SCV  
  28  2:49  Marine  
  28  3:02  SCV  
  26  3:07  Hellion x2  
  30  3:14  SCV  
  30  3:16  Orbital Command  
  30  3:17  Barracks Tech Lab  
  31  3:20  Starport  
  31  3:26  SCV  
  32  3:31  Hellion x2  
  36  3:38  SCV  
  38  3:41  SCV  
  38  3:43  Barracks Tech Lab  
  38  3:45  Supply Depot  
  38  3:51  SCV  
  38  3:53  SCV  
  40  4:03  SCV  
  40  4:08  Cloaking Field, Raven  
  43  4:12  SCV  
  43  4:15  SCV  
  45  4:19  Command Center  
  45  4:20  Supply Depot  
  45  4:21  Marine  
  45  4:22  Supply Depot  
  46  4:26  SCV  
  46  4:27  SCV  
  46  4:29  Hellion  
  52  4:31  Hellion  
  52  4:42  Bunker, Marauder  
  52  4:43  SCV  
  52  4:44  Bunker, SCV  
  56  4:51  Banshee  
  59  4:57  SCV  
  59  4:58  SCV  
  64  5:06  Marauder  
  69  5:10  SCV  
  70  5:21  SCV  
  70  5:22  SCV  
  70  5:27  Barracks x2, Engineering Bay  
  66  5:28  Engineering Bay  
  66  5:29  Refinery, Marine  
  66  5:30  Factory Reactor, Refinery  
  66  5:33  SCV  
  66  5:34  Banshee, Orbital Command  
  71  5:39  SCV  
  72  5:45  SCV  
  73  5:51  SCV  
  73  5:52  Orbital Command  
  73  5:54  Marine  
  73  5:56  Terran Infantry Armor Level 1, Terran Infantry Weapons Level 1  
  75  5:57  SCV  
  75  6:03  SCV  
  77  6:10  SCV  
  78  6:11  Barracks  
  78  6:13  Barracks  
  78  6:15  Factory Tech Lab, SCV  
  78  6:17  SCV  
  78  6:19  Marine x2, Banshee  
  78  6:20  Marauder  
  78  6:22  SCV  
  76  6:27  SCV  
  76  6:32  Barracks  
  77  6:35  SCV  
  77  6:38  Barracks  
  77  6:39  Marine x2  
  78  6:40  Siege Tank, Marine x2  
  78  6:46  SCV  
  78  6:47  Marauder, SCV  
  89  6:56  Armory  
  89  6:57  SCV  
  89  6:59  SCV  
  92  7:01  SCV  
  92  7:07  Barracks Reactor  
  92  7:12  Starport Reactor, Barracks, SCV  
  92  7:14  Refinery  
  93  7:22  Barracks Reactor  
  93  7:28  Siege Tank, Marine x4, SCV  
  93  7:29  Supply Depot  
  101  7:30  Barracks Reactor  
  101  7:31  Supply Depot x2  
  101  7:40  Missile Turret  
  101  7:50  Marine x7  
  101  7:51  SCV  
  109  7:52  Marine  
  109  7:54  Supply Depot  
  109  7:55  Supply Depot, Medivac x2  
  109  7:56  Supply Depot  
  114  8:02  Marine x2  
  114  8:03  Barracks Tech Lab  
  114  8:04  Siege Tank  
  119  8:08  Terran Infantry Weapons Level 2, Marine x6, Terran Infantry Armor Level 2  
  125  8:13  Combat Shields  
  125  8:15  Marine x4  
  125  8:16  Stimpack  
  129  8:20  Marine x2  
  131  8:30  Missile Turret  
  131  8:32  Missile Turret x2  
  131  8:38  Marine  
  131  8:39  Marauder, Marine x8  
  133  8:47  Missile Turret  
  133  8:53  Factory Reactor  
  133  8:54  Marine x2  
  133  8:55  Marine  
  136  8:56  Command Center, Marine x2  
  136  8:58  Medivac  
  136  8:59  Medivac  
  142  9:05  Concussive Shells  
  142  9:09  Marauder, Marine x5  
  149  9:17  Supply Depot, Marine x2  
  149  9:18  Supply Depot x2  
  149  9:19  Marauder, Marine x2  
  149  9:21  Marine  
  156  9:26  Marine  
  156  9:30  Marauder  
  157  9:38  Widow Mine x2, Medivac, Marine x2  
  157  9:40  Marauder  
  157  9:41  Marauder  
  157  9:45  Marine x2  
  168  9:48  Marine  
  168  9:52  Marauder  
  171  9:54  Marine x3  
  171  9:56  Marine  
  174  10:00  Marine x2  
  174  10:01  Marine  
  174  10:02  Marauder x2  
  174  10:05  Marine  
  174  10:06  Marine  
  174  10:07  Marine  
  180  10:10  Widow Mine  
  180  10:12  Marine x3  
  180  10:13  Marauder  
  167  10:18  Marine x3  
  143  10:23  Marauder x2  
  143  10:25  Marine  
  127  10:30  SCV  
  127  10:34  Marauder  
  112  10:37  Marine  
  106  10:44  Marauder  
  106  10:45  Marauder  
  108  10:57  Missile Turret  
  108  11:02  SCV x3  
  108  11:14  Missile Turret, SCV x3  
  111  11:21  Widow Mine, Medivac x2  
  117  11:27  Widow Mine, Marine  
  117  11:28  Marine  
  117  11:31  Marine x4  
  125  11:35  Marine x2  
  122  11:44  Marine x3  
  117  11:52  Marine x3  
  110  12:01  Marine x2  
  112  12:04  Marine x6  
  119  12:09  Marine  
  119  12:10  Marine  
  121  12:20  Marine  
  108  12:25  Marine x2  
  108  12:26  Marauder, Marine  
  108  12:29  Marine x3  
  116  12:30  Marauder  
  113  12:42  Marine  
  114  12:49  Marine  
  114  12:50  Marine  
Show
View Real Time Build Order
Export as new Build Order

TooDming Zerg - Winner!

Build Orders: Hatch First, Muta Ling Bane 

Get SALT Encoding   

  12  0:00  Drone  
  13  0:12  Overlord  
  13  0:17  Drone  
  14  0:30  Drone  
  14  0:31  Drone  
  14  0:34  Drone  
  17  0:51  Hatchery  
  17  0:54  Drone  
  17  0:57  Drone  
  18  1:08  Extractor  
  17  1:12  Spawning Pool  
  17  1:16  Drone  
  17  1:19  Drone  
  18  1:28  Drone  
  19  1:38  Overlord  
  19  1:59  Queen  
  19  2:00  Zergling x2  
  19  2:01  Zergling x2  
  23  2:03  Queen  
  23  2:04  Zergling x2  
  26  2:08  Metabolic Boost  
  26  2:12  Zergling x2  
  26  2:14  Drone  
  29  2:22  Drone  
  29  2:27  Drone  
  30  2:38  Hatchery  
  30  2:42  Drone  
  30  2:43  Drone  
  31  2:54  Overlord  
  29  3:00  Drone x2  
  29  3:01  Drone  
  32  3:12  Drone x2  
  33  3:13  Drone  
  33  3:14  Drone x2  
  33  3:15  Drone  
  33  3:18  Queen  
  39  3:22  Drone x2  
  39  3:26  Overlord  
  41  3:34  Roach Warren  
  41  3:41  Overlord  
  40  3:43  Drone x2  
  40  3:47  Drone  
  40  3:48  Overlord  
  43  3:51  Overlord  
  42  4:14  Roach x4  
  42  4:15  Roach x4  
  58  4:17  Queen  
  58  4:20  Overlord  
  58  4:21  Drone x2  
  58  4:23  Extractor  
  58  4:24  Drone  
  62  4:28  Drone  
  63  4:38  Drone x3  
  63  4:39  Drone x2  
  68  4:45  Drone  
  68  4:46  Drone x3  
  68  4:51  Drone x2  
  74  4:55  Evolution Chamber  
  74  4:57  Evolution Chamber  
  74  4:58  Drone x3  
  74  4:59  Drone x3  
  78  5:03  Drone  
  78  5:04  Drone x2  
  81  5:12  Drone  
  81  5:14  Drone, Overlord  
  83  5:18  Spore Crawler  
  83  5:20  Spore Crawler  
  81  5:23  Drone x2  
  81  5:24  Zerg Melee Weapons Level 1, Zerg Ground Armor Level 1  
  81  5:26  Extractor  
  81  5:27  Drone x4, Extractor  
  85  5:31  Drone  
  85  5:34  Spore Crawler  
  85  5:35  Drone  
  86  5:37  Drone x2  
  86  5:38  Lair  
  86  5:40  Drone x3  
  86  5:41  Drone  
  92  5:50  Extractor x2  
  92  5:52  Hatchery  
  92  5:53  Drone  
  90  5:58  Baneling Nest  
  89  6:05  Drone x2  
  89  6:06  Drone x7  
  89  6:08  Overlord x2  
  94  6:20  Drone x2  
  94  6:21  Drone x3  
  94  6:23  Drone x2  
  86  6:34  Hatchery  
  83  6:41  Centrifical Hooks  
  83  6:42  Drone x5  
  83  6:43  Drone x4  
  83  6:46  Drone x5  
  93  6:51  Spire  
  92  7:00  Zergling x6  
  93  7:07  Zergling x8  
  97  7:10  Zergling x2  
  97  7:11  Queen, Zergling x4  
  102  7:17  Overlord x2  
  102  7:18  Zerg Melee Weapons Level 2  
  102  7:21  Zerg Ground Armor Level 2  
  101  7:34  Zergling x2  
  101  7:35  Zergling x16  
  110  7:43  Drone x8  
  118  7:50  Queen  
  120  8:03  Mutalisk  
  120  8:04  Mutalisk x7  
  136  8:06  Overseer  
  136  8:08  Zerg Flyer Weapons Level 1  
  136  8:09  Pneumatized Carapace  
  136  8:15  Drone x4  
  136  8:19  Extractor  
  139  8:25  Mutalisk x2  
  141  8:27  Overlord x2  
  141  8:33  Queen  
  139  8:36  Drone x3  
  139  8:38  Overlord x3  
  137  8:50  Drone x4  
  137  8:51  Drone  
  142  8:59  Mutalisk x5  
  152  9:03  Mutalisk x2  
  156  9:10  Baneling x8  
  156  9:11  Zergling x2  
  156  9:12  Zergling x6  
  160  9:21  Mutalisk x2  
  164  9:30  Hatchery  
  163  9:33  Zergling x26  
  163  9:34  Mutalisk  
  172  9:49  Mutalisk  
  172  9:50  Mutalisk x3  
  172  9:51  Zergling x6  
  182  10:00  Overlord x2  
  182  10:01  Overlord x3  
  174  10:15  Mutalisk x4  
  174  10:16  Zergling x2  
  178  10:21  Mutalisk x2  
  178  10:26  Mutalisk  
  162  10:34  Mutalisk x2  
  162  10:35  Zergling x6  
  162  10:36  Zergling x2  
  148  10:46  Mutalisk  
  148  10:47  Mutalisk  
  148  10:49  Drone  
  147  10:50  Drone x5  
  147  10:55  Zerg Flyer Weapons Level 2  
  150  11:03  Mutalisk  
  152  11:07  Zergling x6  
  152  11:08  Zergling x2  
  152  11:09  Zergling x4  
  152  11:10  Zergling x8  
  162  11:12  Zergling x6  
  165  11:23  Zergling x2, Baneling x16  
  165  11:24  Zergling x12  
  172  11:31  Zergling x8  
  172  11:32  Zergling x2, Mutalisk  
  179  11:37  Mutalisk x2  
  183  11:45  Zergling x4  
  185  11:52  Zergling x4  
  187  11:55  Zergling x6  
  187  11:56  Baneling x14  
  188  12:02  Drone x9  
  188  12:05  Baneling  
  188  12:06  Baneling x7  
  188  12:07  Zergling x2  
  197  12:19  Zergling x12  
  199  12:24  Zergling x2  
Tags
 
Add a new tag
Caveats
  • Supply blocks, unpowered buildings, or Contaminate may cause inaccurate times.
  • Supply counts are checked every 10 seconds.